 Dungeon Crawl Stone Soup version 0.31-a0-848-gaac375c287 (webtiles) character file.

Game seed: 13803498993629021468

3341 Aneyh the Fighter (level 10, -2/111 HPs)
             Began as a Tengu Monk on Oct 4, 2023.
             Slain by Amaemon
             ... wielding a -1 demon whip of venom
              (6 damage)
             ... on level 8 of the Dungeon.
             The game lasted 00:11:00 (7726 turns).

Aneyh the Fighter (Tengu Monk)                      Turns: 7726, Time: 00:11:01

Health: -2/111     AC: 25    Str: 21    XL:     10   Next: 2%
Magic:  11/11      EV:  2    Int: 12    God:
Gold:   376        SH:  4    Dex: 16    Spells: 9/9 levels left

rFire   . . .        a - +0 spear
rCold   . . .        k - +0 buckler
rNeg    . . .        N - melded +0 steam dragon scales
rPois   +            H - melded +1 hat
rElec   .            (cloak currently unavailable)
rCorr   .            h - melded +0 pair of gloves
SInv    .            (boots unavailable)
Will    .....        (no amulet)
Stlth   +            q - +5 ring of evasion
HPRegen 0.38/turn    M - +6 ring of strength
MPRegen 0.12/turn

%: acrobat
@: mighty, lethally poisoned (-2 -> -7), tree-form
A: stationary, stasis, torment immunity, boosted hp, (beak), (talons 3), evasive
flight, acrobatic, (iridescent scales 1), (shaggy fur 1)
a: no special abilities


You were on level 8 of the Dungeon.
You were a tree.
You visited 2 branches of the dungeon, and saw 9 of its levels.
You also visited: Sewer and Ossuary.

You collected 376 gold pieces.

Inventory:

Hand Weapons
 a - a +0 spear (weapon)
 m - a +0 orcbow
 s - the +4 sling of Piwur {heavy, rC+ SInv}
   (You found it on level 7 of the Dungeon)

   rC+:       It protects you from cold.
   SInv:      It lets you see invisible.
 I - a +0 trident
 L - the +3 falchion "Xemuo" {elec, *Slow rF+ MP+9 Str+2}
   (You found it on level 7 of the Dungeon)

   Str+2:     It affects your strength (+2).
   rF+:       It protects you from fire.
   MP+9:      It affects your magic capacity (+9).
   *Slow:     It may slow you when you take damage.
Missiles
 d - 2 throwing nets
 i - 2 curare-tipped darts
 l - 27 poisoned darts (quivered)
Armour
 b - a +0 robe
 f - a +0 ring mail
 h - a +0 pair of gloves (melded)
 k - a +0 buckler (worn)
 H - a +1 hat (melded)
 N - +0 steam dragon scales (melded)
Jewellery
 q - a +5 ring of evasion (left branch)
 B - a ring of protection from fire
 C - a ring of wizardry
 K - a ring of magical power
 M - a +6 ring of strength (right branch)
Wands
 g - a wand of digging (7)
 J - a wand of iceblast (3)
 O - a wand of polymorph (10)
Scrolls
 c - 2 scrolls of amnesia {unknown}
 n - a scroll of fog {unknown}
 p - a scroll of summoning {unknown}
 r - a scroll of acquirement {unknown}
 v - 2 scrolls of teleportation
 w - 4 scrolls of vulnerability
 y - 4 scrolls of blinking
 F - 3 scrolls of revelation {unknown}
 G - 3 scrolls of fear {unknown}
Potions
 e - 6 potions of might
 j - 2 potions of curing
 o - 2 potions of magic
 t - 3 potions of ambrosia
 u - 3 potions of mutation
 x - 2 potions of brilliance {unknown}
 z - a potion of degeneration {unknown}
 A - 3 potions of haste {unknown}
 D - a potion of attraction {unknown}
 E - a potion of lignification


   Skills:
 + Level 13.8 Fighting
 - Level 4.0 Polearms
 - Level 3.2 Dodging


You had 9 spell levels left.
You didn't know any spells.
Your spell library contained the following spells:

 Spells                   Type           Power      Damage    Failure   Level
 Blink                    Tloc           0%         N/A       54%         2
 Lesser Beckoning         Tloc           0%         N/A       54%         2
 Momentum Strike          Conj/Tloc      0%         3d8       54%         2
 Summon Guardian Golem    Hex/Summ       0%         N/A       77%         3
 Orb of Destruction       Conj           0%         9d5       100%        7
 Spellforged Servitor     Conj/Summ      0%         N/A       100%        7


Dungeon Overview and Level Annotations

Branches:
Dungeon (8/15)             Temple (1/1) D:5           Sewer (visited)
Ossuary (visited)
   Lair: D:8-11

Altars:
Ashenzari
Cheibriados
Dithmenos
Elyvilon
Fedhas
Gozag
Kikubaaqudgha
Nemelex Xobeh
Okawaru
Qazlal
Ru
Sif Muna
Trog
Uskayaw
Vehumet
Wu Jian
Xom
Zin
The Shining One

Annotations:
D:8 Amaemon


Innate Abilities, Weirdness & Mutations

You are a tree.
Your roots penetrate the ground, keeping you stationary.
You cannot be teleported.
You are immune to unholy pain and torment.
Your maximum health is greatly increased.
Your equipment is partially melded.
((You have a beak for a mouth.))
((You have claws for feet.))
Your magical flight helps you evade attacks. (EV +4)
You can magically evade attacks while moving or waiting.
((You are partially covered in iridescent scales. (AC +2)))
((You are covered in fur. (AC +1)))


Message History

The orange demon stings you from afar! Amaemon hits you but does no damage.
Amaemon claws you but does no damage.
Amaemon tail-slaps you but does no damage.
You hit Amaemon.
Amaemon is heavily wounded.
You feel sick. The orange demon stings you from afar.
Amaemon barely misses you. Amaemon claws you but does no damage.
Amaemon tail-slaps you.
You puncture Amaemon!
Amaemon is severely wounded.
You feel sick. The orange demon stings you from afar!
* * * LOW HITPOINT WARNING * * *
Amaemon hits you but does no damage. Amaemon claws you but does no damage.
Amaemon tail-slaps you but does no damage.
You hit Amaemon.
Amaemon is severely wounded.
You feel sick. The orange demon barely misses you.
Amaemon hits you with a -1 demon whip of venom.
* * * LOW HITPOINT WARNING * * *
You are more poisoned.
You block Amaemon's attack. x2
You closely miss Amaemon.
Amaemon is severely wounded.
You feel very sick. The orange demon stings you from afar.
* * * LOW HITPOINT WARNING * * *
Amaemon casts a spell.
Unknown command.
You hit Amaemon.
Amaemon is severely wounded.
You feel sick.
The orange demon stings you but does no damage.
Amaemon gestures wildly while chanting.
Unknown command.
You puncture Amaemon!
Amaemon is almost dead.
You feel sick. The orange demon stings you from afar.
* * * LOW HITPOINT WARNING * * *
Amaemon hits you with a -1 demon whip of venom.
You die...

#.# #.#.....#..## #.#
#.#####.#....
###.###.#####.#...###
......).......#.....
###.###.#####.#....
###.#######...#
#.............#
#.#.########4s##.#.
#.#...#..s♣6ss......
#.#.#.###.######.###
#.#.#.....# #
#...####### ....#
#.#.# #.#.# #.#.


You could see Amaemon, an orange demon and 4 scorpions.

Vanquished Creatures
  Pikel (D:6)
  Maggie (D:8)
  A wyvern (D:7)
  A water moccasin (D:5)
  An orc warrior (D:7)
  2 ice beasts
  A sky beast (D:6)
  2 ogres
  A centaur (D:4)
  A phantom (D:5)
  2 kobold brigands (Sewer)
  3 bullfrogs
  11 scorpions
  3 howler monkeys
  A centaur zombie (Ossuary)
  4 hounds
  2 orc priests
  3 sleepcaps (D:5)
  2 iguanas
  An orc wizard (D:2)
  A scorpion zombie (Ossuary)
  3 mummies (Ossuary)
  9 adders
  A gnoll (D:1)
  2 shadow imps (D:5)
  2 white imps (D:6)
  An ufetubus (D:6)
  3 worms
  4 dart slugs
  22 orcs
  5 bats
  6 endoplasms
  2 giant cockroaches
  6 hobgoblins
  8 jackals
  13 kobolds
  5 quokkas
  5 ball pythons
  4 frilled lizards
  A gnoll zombie (Ossuary)
  5 goblins
  A goblin zombie (Ossuary)
  A hobgoblin zombie (Ossuary)
  4 kobold zombies (Ossuary)
  3 orc zombies (Ossuary)
  16 rats
177 creatures vanquished.

Notes
Turn   | Place    | Note
-------+----------+-------------------------------------------
     0 | D:1      | Aneyh the Tengu Monk began the quest for the Orb.
     0 | D:1      | Reached XP level 1. HP: 14/14 MP: 2/2
    60 | D:1      | Reached XP level 2. HP: 19/19 MP: 3/3
   457 | D:1      | Reached skill level 4 in Fighting
   576 | D:1      | Reached XP level 3. HP: 24/24 MP: 4/4
  1170 | D:2      | Reached XP level 4. HP: 30/30 MP: 5/5
  1586 | D:2      | Reached skill level 5 in Fighting
  1938 | D:3      | HP: 1/31 [orc priest/divine providence (12)]
  1939 | D:3      | Reached XP level 5. HP: 2/36 MP: 6/6
  2098 | D:3      | Reached skill level 6 in Fighting
  2160 | D:3      | Found an opulent altar of Gozag.
  2240 | D:3      | Found a radiant altar of Vehumet.
  2264 | D:3      | Found a white marble altar of Elyvilon.
  2384 | D:3      | Found a glowing silver altar of Zin.
  2723 | D:4      | Noticed a centaur
  2738 | D:4      | Killed a centaur
  2739 | D:4      | Reached XP level 6. HP: 19/42 MP: 7/7
  2860 | D:4      | Reached skill level 7 in Fighting
  2915 | D:4      | Found a sand-covered staircase.
  2921 | Ossuary  | Entered an ossuary
  3121 | Ossuary  | Gained mutation: Your magical flight helps you evade
                  | attacks. (EV +4) [Tengu growth]
  3121 | Ossuary  | Reached XP level 7. HP: 24/48 MP: 8/8
  3297 | Ossuary  | Reached skill level 8 in Fighting
  3565 | Ossuary  | Reached skill level 9 in Fighting
  3565 | Ossuary  | Reached XP level 8. HP: 53/56 MP: 9/9
  3928 | D:4      | Found a glowing golden altar of the Shining One.
  3930 | D:4      | Found a shadowy altar of Dithmenos.
  3930 | D:4      | Found an iron altar of Okawaru.
  3932 | D:4      | Found a radiant altar of Vehumet.
  3932 | D:4      | Found a shimmering altar of Xom.
  3932 | D:4      | Found a blossoming altar of Fedhas.
  4158 | D:5      | Entered Level 5 of the Dungeon
  4487 | D:5      | Reached skill level 10 in Fighting
  4784 | D:5      | Found a staircase to the Ecumenical Temple.
  4799 | Temple   | Entered the Ecumenical Temple
  4822 | D:5      | Reached skill level 11 in Fighting
  5273 | D:6      | Noticed Pikel
  5288 | D:6      | Reached XP level 9. HP: 47/64 MP: 10/10
  5306 | D:6      | Killed Pikel
  5307 | D:6      | Reached skill level 12 in Fighting
  5449 | D:6      | Found a glowing drain.
  5457 | Sewer    | Entered a sewer
  5887 | D:6      | Found an ornate altar of the Wu Jian Council.
  6343 | D:6      | Gained mutation: You are covered in fur. (AC +1) [potion of
                  | mutation]
  6343 | D:6      | Gained mutation: You are partially covered in iridescent
                  | scales. (AC +2) [potion of mutation]
  6576 | D:7      | Identified the +4 sling of Piwur {heavy, rC+ SInv}
  6738 | D:7      | Identified the +3 falchion "Xemuo" {elec, *Slow rF+ MP+9
                  | Str+2}
  6766 | D:7      | Reached skill level 13 in Fighting
  6993 | D:7      | Found a hide-covered altar of Uskayaw.
  7003 | D:7      | Found a stormy altar of Qazlal.
  7110 | D:7      | Found a shimmering blue altar of Sif Muna.
  7571 | D:8      | Found a glowing golden altar of the Shining One.
  7615 | D:8      | Noticed Maggie
  7634 | D:8      | Killed Maggie
  7635 | D:8      | Reached XP level 10. HP: 74/74 MP: 11/11
  7705 | D:8      | Noticed Amaemon
  7705 | D:8      | Noticed an orange demon
  7726 | D:8      | HP: 4/111 [orange demon[Amaemon] (5)]
  7726 | D:8      | Slain by Amaemon

Illustrated notes

Levels and vault maps discovered:
D:1:      amcnicky_arrival_feature_with_door, layout_basic,
          nicolae_grassy_gnolls
D:2:      layout_loops_ring
D:3:      layout_rooms, pdpol_temple_overflow_zin_treasury_gozag_greed,
          mainiacjoe_overflow_six_doors_small, elyvilon_altar_1,
          item_on_display_a
D:4:      layout_loops_cross, doesnt_xom_only_xom, nicolae_ossuary_entry_plus,
          kennysheep_potato
D:5:      layout_rooms, minmay_temple_entry_antechambers, hellmonk_no_cap
D:6:      layout_loops_cross, nicolae_overflow_crystal_walls,
          gup_sewer_entry_bubbles, uniq_pikel
D:7:      layout_basic, nicolae_uskayaw_suspiria, mainiacjoe_overflow_alcove_4,
          mainiacjoe_overflow_tiny_flanked, chequers_hall_statues_wall_a
D:8:      layout_basic, tso_oasis_becter, okawaru_metal_pillars_1_2,
          uniq_amaemon, uniq_maggie
Temple:   nicolae_temple_bog_church

Skill      XL: |  1  2  3  4  5  6  7  8  9 |
---------------+----------------------------+-----
Fighting       | 4 5 6 7 9 11 13 | 13.8
Polearms       | 4 |  4.0
Dodging        | |  3.2

Action                     |  1- 3 |  4- 6 |  7- 9 | 10-12 || total
---------------------------+-------+-------+-------+-------++-------
  Melee: Spear             |    91 |   192 |   560 |    16 ||   859
         Peck              |    12 |    28 |   122 |     1 ||   163
         Kick              |    15 |    47 |   196 |     2 ||   260
         Punch             |     2 |     1 |       |       ||     3
    Use: Potion            |       |     3 |     1 |     2 ||     6
         Scroll            |       |     3 |     7 |       ||    10
   Stab: Sleeping          |     3 |     3 |     6 |       ||    12
         Distracted        |       |       |     1 |       ||     1
 Armour: Robe              |    21 |   101 |   117 |       ||   239
         Skin              |       |       |       |    24 ||    24
         Steam dragon scal |       |       |       |     6 ||     6
  Dodge: Dodged            |    40 |   129 |   402 |    15 ||   586
  Block: Buckler           |       |    11 |    91 |     8 ||   110

Table legend: (Time is in decaauts)
 A = Elapsed time spent in this place.
 B = Non-inter-level travel time spent in this place.
 C = Inter-level travel time spent in this place.
 D = Time resting spent in this place.
 E = Time spent auto-exploring this place.
 F = Levels seen in this place.
 G = Mean time per level.
                   A        B        C        D        E       F      G
               +--------+--------+--------+--------+--------+-----+--------+
         Total |   7684 |   7458 |    226 |   1099 |   4579 |  11 |  698.5 |
       Dungeon |   6567 |   6341 |    226 |    893 |   4048 |   8 |  820.9 |
        Temple |      1 |      1 |      0 |      0 |      0 |   1 |    1.0 |
         Sewer |    360 |    360 |      0 |      0 |    228 |   1 |  360.0 |
       Ossuary |    755 |    755 |      0 |    206 |    303 |   1 |  755.0 |
               +--------+--------+--------+--------+--------+-----+--------+

Top non-repeatable levels by time:
     D:3: 978 daAuts
     D:6: 968 daAuts
     D:7: 966 daAuts
     D:4: 926 daAuts
     D:1: 880 daAuts
     D:5: 871 daAuts
     D:2: 793 daAuts
 Ossuary: 755 daAuts
   Sewer: 360 daAuts
     D:8: 182 daAuts
  Temple: 1 daAuts
